 Dungeon Crawl Stone Soup version 0.21-a0-137-g951aa02 (webtiles) character file.

128 JHuti the Poker (level 5, 7/41 HPs)
             Began as a Merfolk Gladiator on July 19, 2017.
             Quit the game on level 3 of the Dungeon.
             The game lasted 00:02:47 (1677 turns).

JHuti the Poker (Merfolk Gladiator)                 Turns: 1677, Time: 00:02:47

Health: 7/41       AC:  5    Str: 15    XL:     5   Next: 11%
Magic:  5/5        EV: 15    Int:  7    God:
Gold:   93         SH:  0    Dex: 16    Spells: 4/4 levels left

rFire    . . .     SeeInvis .   a - +1 trident
rCold    . . .     Gourm    .   (no shield)
rNeg     . . .     Faith    .   b - +0 leather armour
rPois    .         Spirit   .   c - +0 helmet
rElec    .         Reflect  .   e - +0 cloak (curse)
rCorr    .         Harm     .   (no gloves)
MR       .....                  (no boots)
Stlth    +.........             (no amulet)
HPRegen  0.13/turn              (no ring)
MPRegen  0.09/turn              (no ring)

@: slowed, very slow
A: change form in water, swift swim, stealthy swim
a: no special abilities


You were on level 3 of the Dungeon.
You were not hungry.

You visited 1 branch of the dungeon, and saw 3 of its levels.

You collected 93 gold pieces.

Inventory:

Hand Weapons
 a - a +1 trident (weapon)
Missiles
 d - 3 throwing nets (quivered)
Armour
 b - a +0 leather armour (worn)
 c - a +0 helmet (worn)
 e - a cursed +0 cloak (worn)
Jewellery
 l - an uncursed amulet of regeneration {unknown}
Scrolls
 h - a scroll of enchant weapon
 j - a scroll of identify
 k - 2 scrolls of remove curse {unknown}
 m - a scroll of random uselessness {unknown}
 n - 2 scrolls of teleportation {unknown}
 o - a scroll of recharging {unknown}
 r - a scroll of fog {unknown}
 s - a scroll of amnesia {unknown}
Potions
 i - 2 potions of might
 p - 3 potions of heal wounds {unknown}
Comestibles
 f - 2 bread rations
 g - 2 royal jellies
 q - 2 meat rations


   Skills:
 + Level 3.5 Fighting
 + Level 5.9 Polearms
 - Level 2.0 Throwing
 + Level 5.5 Dodging


You had 4 spell levels left.
You didn't know any spells.

Dungeon Overview and Level Annotations

Branches:
Dungeon (3/15)

Altars:


Message History

The orc shouts!
Something closely misses you.
As you read the scroll labeled GESHITH RYZIWN, it crumbles to dust.
It is a scroll of identify.
i - 2 potions of might A sky beast appears from thin air!
Reactivating autopickup.
The sky beast barely misses you.
The orc wizard mumbles some strange words.
The orc wizard blinks!
The sky beast misses you.
An orc priest comes into view. It is wielding a war axe.
The orc priest calls down the wrath of Beogh upon you.
Beogh smites you!
* * * LOW HITPOINT WARNING * * *
The orc wizard casts a spell at you. The magic dart hits you!
* * * LOW HITPOINT WARNING * * *
An orc comes into view.
You take 16 damage, and have 7/41 hp.
MASSIVE DAMAGE!!
Are you sure you want to abandon this character and quit the game? (Confirm with "yes".)

#)....# ##### ########.....#
..o.. ........>....# .
..#.##########.....# $Y
#.#.##...#.....##### ..o
#.#.##.#.#.###....# #...
#.#.##.........##.### #$....
#.#o####.#.##........
#.....###...@..o...##.####...
#.o...#Y######.##.# .
#.#...#.##.....#..# .
##...#.#.##.###.#..#
............<.# #.#..#
...##.)#.#.##.#####..#
..............#.# #..#
#.....ยง....####.###..#
#.......#.##.#......#


You could see a sky beast, an orc priest, an orc wizard and 2 orcs.

Vanquished Creatures
  5 adders
  2 oozes
  A worm (D:2)
  4 dart slugs
  4 leopard geckos
  An orc (D:3)
  5 bats
  2 giant cockroaches (D:2)
  8 goblins
  8 hobgoblins
  4 jackals (D:2)
  A quokka (D:2)
  A frilled lizard (D:2)
  4 kobolds
  7 rats
57 creatures vanquished.

Notes
Turn   | Place    | Note
-------+----------+-------------------------------------------
     0 | D:1      | JHuti the Merfolk Gladiator began the quest for the Orb.
     0 | D:1      | Reached XP level 1. HP: 16/16 MP: 1/1
   220 | D:1      | Reached XP level 2. HP: 18/23 MP: 2/2
   719 | D:1      | Reached skill level 5 in Polearms
   755 | D:1      | Reached XP level 3. HP: 28/28 MP: 3/3
  1056 | D:2      | Reached XP level 4. HP: 23/35 MP: 4/4
  1304 | D:2      | Reached skill level 5 in Dodging
  1525 | D:3      | Reached XP level 5. HP: 41/41 MP: 5/5
  1657 | D:3      | Noticed a sky beast
  1677 | D:3      | Quit the game

Vault maps used:
D:1:      lightli_arrival_lavapool
D:2:      serial_glass, glass_columns_a, glass_columns_a, first_bread
D:3:      corexii_shack_village, lemuel_doored_altar, led_sif_pool,
          kennysheep_generic_room_8, uniq_sigmund

Skill      XL: |  1  2  3  4 |
---------------+-------------+-----
Polearms       | 5 |  5.9
Fighting       | 3 |  3.5
Dodging        | 5 |  5.5
Throwing       | |  2.0

Action                   |  1- 3 |  4- 6 || total
-------------------------+-------+-------++-------
Melee: Trident           |   118 |   101 ||   219
  Use: Scroll            |       |     2 ||     2
 Stab: Sleeping          |     4 |     1 ||     5
  Eat: Chunk             |     1 |     2 ||     3
Armor: Leather armour    |    21 |    20 ||    41
Dodge: Dodged            |    65 |    57 ||   122
